AoeStats
← BSV | Gabriel

Arena

509773062Analyzed
4v4 RM · 4d ago on Sep 28, 2026· 44m 13s· 8 players
Game mode
Random Map
Map size
Large (8 player)
Population
200
Speed
Normal
Resources
Standard
Victory
Conquest
Starting age
Dark Age
Ending age
Imperial Age
RankedLock teamsTeams togetherTeam positionsShared explorationLock speedFull tech treeHidden civsTurbo modeCheats
Victory
Defeat
🇦🇷 Persians · Argentina
1527
+12
🇦🇷 Bengalis · Argentina
1469
+14
🇦🇷 Franks · Argentina
1419
+16
🇺🇸 Spanish · United States
1383
+18
🇻🇪 Chinese · Venezuela
1514
-19
🇻🇪 Varangians · Venezuela
1422
-15
🇻🇪 Danes · Venezuela
1412
-14
🇨🇴 Franks · Colombia
1355
-12
No le den a mi mujer
0:25 Loom
9:27 Feudal Age
14:30 Castle Age
12:53 Double-Bit Axe
13:25 Horse Collar
15:26 Bow Saw
16:18 Town Watch
20:20 Fletching
25:04 Gold Mining
25:55 Bodkin Arrow
32:33 Imperial Age
30:36 Ballistics
31:34 Wheelbarrow
31:53 Padded Archer Armor
32:57 Leather Archer Armor
34:55 Two-Man Saw
33:55 Heavy Plow
34:31 Gold Shaft Mining
35:02 Bracer
36:43 Ballistics
39:34 Chemistry
38:39 Heavy Scorpion
40:25 Hand Cart
BSV | Gabriel
7:14 Loom
9:12 Feudal Age
13:51 Castle Age
13:47 Double-Bit Axe
15:00 Bow Saw
14:59 Town Watch
15:26 Horse Collar
25:26 Wheelbarrow
28:45 Imperial Age
27:37 Bloodlines
27:33 Scale Barding Armor
28:11 Husbandry
28:34 Chain Barding Armor
28:38 Forging
30:04 Iron Casting
30:10 Plate Barding Armor
29:53 Hand Cart
29:30 Gold Mining
32:22 Blast Furnace
30:51 Cavalier
31:56 Vendel Legacy
37:18 Scale Mail Armor
36:41 Pikeman
37:22 Squires
40:40 Chain Mail Armor
40:49 Halberdier
41:45 Arson
41:46 Gambesons
42:32 Plate Mail Armor
tat0
8:44 Loom
10:37 Feudal Age
12:15 Double-Bit Axe
15:21 Castle Age
17:18 Scale Barding Armor
18:49 Husbandry
20:50 Gold Mining
25:23 Forging
26:56 Chain Barding Armor
27:12 Iron Casting
32:47 Iron Casting
44:46 Wheelbarrow
43:57 Town Watch
BSV | Yi Zus
9:52 Feudal Age
11:54 Loom
14:41 Castle Age
13:18 Double-Bit Axe
18:44 Horse Collar
24:56 Scale Mail Armor
26:01 Wheelbarrow
26:53 Gold Mining
29:19 Chain Mail Armor
34:25 Imperial Age
32:21 Forging
33:03 Bow Saw
32:56 Heavy Plow
32:23 Pikeman
34:37 Iron Casting
34:33 Fletching
34:34 Halberdier
35:51 Plate Mail Armor
Jjota
10:32 Feudal Age
13:56 Castle Age
12:02 Double-Bit Axe
12:50 Horse Collar
14:55 Bow Saw
16:39 Loom
18:25 Town Watch
19:24 Wheelbarrow
23:13 Heavy Plow
25:08 Hand Cart
27:39 Bloodlines
37:07 Scale Barding Armor
37:12 Forging
37:25 Husbandry
40:05 Imperial Age
39:29 Chain Barding Armor
39:45 Iron Casting
39:46 Cavalier
41:03 Plate Barding Armor
41:15 Savar
42:53 Conscription
44:34 Blast Furnace
Politox
10:17 Feudal Age
13:56 Castle Age
12:09 Double-Bit Axe
14:57 Bow Saw
15:14 Loom
22:03 Gold Mining
23:09 Stone Mining
23:56 Gold Shaft Mining
24:06 Wheelbarrow
24:46 Fervor
25:05 Hand Cart
26:03 Hand Cart
29:07 Imperial Age
26:44 Scale Barding Armor
26:50 Forging
26:49 Treadmill Crane
27:20 Masonry
27:23 Fortified Wall
28:26 Chain Barding Armor
29:13 Husbandry
29:17 Cavalier
30:33 Plate Barding Armor
30:00 Chivalry
30:21 Conscription
31:03 Chemistry
30:35 Architecture
30:23 Town Watch
31:19 Iron Casting
30:34 Paladin
32:44 Siege Engineers
33:54 Blast Furnace
39:00 Fletching
39:49 Coinage
40:00 Light Cavalry
45:20 Banking
44:51 Caravan
pela
10:52 Feudal Age
14:35 Castle Age
13:18 Double-Bit Axe
14:39 Horse Collar
16:54 Loom
24:32 Wheelbarrow
29:47 Imperial Age
30:05 Fletching
30:15 Padded Archer Armor
30:52 Bow Saw
31:44 Heavy Plow
32:36 Ballistics
33:16 Chemistry
32:43 Elite Elephant Archer
33:45 Leather Archer Armor
33:25 Bodkin Arrow
35:21 Gold Mining
36:04 Hand Cart
35:34 Town Watch
36:04 Bracer
36:50 Crop Rotation
36:46 Paiks
37:59 Conscription
38:22 Ring Archer Armor
39:07 Gold Shaft Mining
39:32 Husbandry
39:42 Bloodlines
40:08 Siege Elephant
johnnyboy
10:37 Feudal Age
14:24 Castle Age
12:28 Double-Bit Axe
14:31 Loom
15:59 Fletching
19:08 Horse Collar
22:42 Town Watch
33:34 Imperial Age
31:45 Wheelbarrow
31:31 Bodkin Arrow
31:57 Fortified Wall
32:25 Padded Archer Armor
32:55 Heavy Plow
33:56 Leather Archer Armor
34:03 Bloodlines
34:31 Husbandry
35:19 Gold Mining
35:23 Stone Mining
37:17 Inquisition
36:41 Elite Conquistador
38:57 Ring Archer Armor
40:21 Bow Saw
40:53 Hand Cart
42:21 Conscription
44:27 Supremacy
Connection lost

Rejoining the realm…

Still unreachable

The connection could not be restored.

Session expired

The server has moved on; the page needs a fresh start.